[Event "Titled Tuesday Blitz June 20 Late 2023"]
[White "KorolDimitriy75"]
[Black "Mortazavi, Ali"]
[BlackFideId "401323"]
[WhiteElo "2427"]
[BlackElo "2339"]
[Result "0-1"]
[Round "3"]
[TimeControl "180+2"]
[Date "2023.06.20"]
[WhiteClock "0:00:00"]
[BlackClock "0:01:15"]
[Board "94"]

1. d4 Nf6 2. c4 g6 3. Nc3 Bg7 4. e4 O-O 5. Nf3 d6 6. Be2 Bg4 7. Be3 Nbd7 8. O-O e5 9. Re1 a5 10. Rc1 Re8 11. d5 b6 12. b3 Rf8 13. a3 Nc5 14. Nd2 Bxe2 15. Qxe2 Nh5 16. b4 Nd7 17. Nb3 Nf4 18. Qd2 axb4 19. axb4 Ra3 20. Rb1 f5 21. c5 bxc5 22. bxc5 Nxg2 23. Kxg2 f4 24. Nb5 Ra6 25. cxd6 cxd6 26. Qd3 fxe3 27. Rxe3 Bh6 28. Rf3 Nf6 29. Nc7 Qxc7 30. Qxa6 Qc2 31. Qd3 Qc8 32. Na5 Bf4 33. Nc6 Qg4+ 34. Kh1 Qh4 35. Rh3 Qxf2 0-1


[Site "https://www.chess.com"]

[Event "Titled Tuesday Blitz June 20 Late 2023"]
[White "Jaskolka, Tomasz"]
[Black "Carrasco Miranda, Andres"]
[WhiteFideId "1170791"]
[BlackFideId "3405990"]
[WhiteElo "2155"]
[BlackElo "2183"]
[Result "1-0"]
[Round "3"]
[TimeControl "180+2"]
[Date "2023.06.20"]
[WhiteClock "0:00:12"]
[BlackClock "0:00:08"]
[Board "95"]

1. d4 Nf6 2. Nc3 d5 3. Bf4 g6 4. e3 Bg7 5. h4 h5 6. Qd2 c6 7. Nf3 b5 8. Ne5 Nfd7 9. Nd3 Nb6 10. b3 N8d7 11. Be2 b4 12. Nd1 a5 13. Rc1 O-O 14. O-O e5 15. dxe5 Qxh4 16. c3 c5 17. Bf3 c4 18. bxc4 Nxc4 19. Qe2 Ndxe5 20. Bxd5 Ba6 21. cxb4 Nxd3 22. Qxd3 Nb6 23. b5 Nxd5 24. Qxd5 Rad8 25. Qf3 Bxb5 26. Re1 g5 27. Bg3 Qg4 28. Qxg4 hxg4 29. Nc3 Ba6 30. Ne4 Rd5 31. Rc6 Bb7 32. Rb6 Ba8 33. Bd6 Rd8 34. Be7 Rd1 35. Bxd8 Rxe1+ 36. Kh2 Bxe4 37. Bxg5 Kf8 38. Rb8# 1-0


[Site "https://www.chess.com"]

[Event "Titled Tuesday Blitz June 20 Late 2023"]
[White "ATM622"]
[Black "Miszler, Levente"]
[BlackFideId "763276"]
[WhiteElo "2632"]
[BlackElo "2176"]
[Result "1-0"]
[Round "3"]
[TimeControl "180+2"]
[Date "2023.06.20"]
[WhiteClock "0:00:09"]
[BlackClock "0:00:50"]
[Board "96"]

1. d4 Nf6 2. c4 e5 3. dxe5 Ng4 4. Nf3 Bc5 5. e3 Nc6 6. Nc3 Ngxe5 7. Nxe5 Nxe5 8. Be2 O-O 9. O-O a5 10. e4 Ra6 11. Bf4 Re8 12. a3 Rg6 13. Bh5 Rc6 14. Rb1 Nxc4 15. Bxf7+ Kxf7 16. Qd5+ Rce6 17. Qxc4 d6 18. b4 axb4 19. axb4 Bb6 20. Nd5 Kf8 21. Nxb6 Rxe4 22. Qd5 Rxf4 23. Nxc8 Qxc8 24. b5 Rf5 25. Qd4 Qd7 26. b6 c5 27. Qd3 d5 28. Rfe1 Rxe1+ 29. Rxe1 d4 30. h3 g6 31. Qe4 Rf6 32. Qe5 Rxb6 33. Qh8+ 1-0


[Site "https://www.chess.com"]

[Event "Titled Tuesday Blitz June 20 Late 2023"]
[White "Herrera, Juan Sebastian"]
[Black "Koellner, Ruben Gideon"]
[WhiteFideId "4403266"]
[BlackFideId "12993093"]
[WhiteElo "2255"]
[BlackElo "2314"]
[Result "0-1"]
[Round "3"]
[TimeControl "180+2"]
[Date "2023.06.20"]
[WhiteClock "0:00:05"]
[BlackClock "0:00:08"]
[Board "97"]

1. d4 d6 2. c4 e5 3. dxe5 dxe5 4. Qxd8+ Kxd8 5. g3 Be6 6. Bg2 c6 7. b3 Nd7 8. Bb2 Kc7 9. Nd2 f6 10. O-O-O Nh6 11. Ngf3 Bc5 12. Ne4 Be7 13. Nc3 a5 14. Kc2 Ng4 15. Rhf1 Bc5 16. e3 Bf5+ 17. e4 Be6 18. Rd2 Rad8 19. h3 Nh6 20. Na4 Ba7 21. Bc3 b6 22. Nb2 Nc5 23. Re2 Nf7 24. Nh4 Nd6 25. f4 exf4 26. gxf4 Rhe8 27. Rfe1 g5 28. Bxf6 gxh4 29. f5 Bc8 30. Bxd8+ Rxd8 31. f6 Nf7 32. e5 Bf5+ 33. Kc1 Ne6 34. Be4 Bxh3 35. Rh1 Bg4 36. Rg2 h5 37. Rxh4 Nxe5 38. Rh1 Nf4 39. Rf2 Ne2+ 40. Kb1 Nc3+ 41. Kc2 Nxe4 42. Rf4 Nc5 43. Re1 Nf7 44. a3 Ne6 45. Rfe4 Neg5 46. Re7+ Rd7 47. Re8 Bf5+ 48. Kc3 h4 49. b4 axb4+ 50. axb4 h3 51. R1e2 Kb7 52. Kb3 Bb8 53. Na4 h2 54. Re1 Be4 55. Re7 Rxe7 56. fxe7 Nd6 57. c5 Ne8 58. Nc3 h1=Q 59. Rxh1 Bxh1 60. cxb6 Kxb6 61. b5 cxb5 62. Kb4 Bd6+ 63. Kb3 Bc6 64. Ne2 Bxe7 65. Nd4 Bd5+ 66. Kc3 b4+ 67. Kc2 Bc4 68. Nf5 Bc5 69. Kb2 Nd6 70. Ne7 Bd4+ 71. Kc2 b3+ 72. Kd2 b2 73. Kc2 Bd3+ 74. Kd2 b1=Q 75. Nc8+ Kc7 76. Nb6 Qc2+ 77. Ke1 Qe2# 0-1


[Site "https://www.chess.com"]

[Event "Titled Tuesday Blitz June 20 Late 2023"]
[White "Manukyan, Sargis A."]
[Black "FuenfgegenWilly"]
[WhiteFideId "13303970"]
[WhiteElo "2187"]
[BlackElo "2422"]
[Result "1-0"]
[Round "3"]
[TimeControl "180+2"]
[Date "2023.06.20"]
[WhiteClock "0:01:27"]
[BlackClock "0:00:26"]
[Board "98"]

1. d4 d5 2. c4 e5 3. Nc3 dxc4 4. d5 a6 5. a4 Bb4 6. e4 Nf6 7. f3 c6 8. Bg5 cxd5 9. Bxf6 gxf6 10. Qxd5 Qc7 11. Qxc4 Nc6 12. O-O-O Bxc3 13. Qxc3 Be6 14. Kb1 O-O 15. h4 Rfd8 16. Rc1 Qd7 17. Ne2 b5 18. Qxc6 Qd3+ 19. Qc2 Bc4 20. Nc3 Qxc2+ 21. Kxc2 Rac8 22. Bxc4 Rxc4 23. Rhd1 Rdc8 24. axb5 axb5 25. Kb3 R4c5 26. Ne2 Kg7 27. Rxc5 Rxc5 28. Rc1 1-0


[Site "https://www.chess.com"]

[Event "Titled Tuesday Blitz June 20 Late 2023"]
[White "Quiroga Jaquez, Angel Ivan"]
[Black "Megalios, Konstantinos"]
[WhiteFideId "5117801"]
[BlackFideId "4238044"]
[WhiteElo "2011"]
[BlackElo "2277"]
[Result "1-0"]
[Round "3"]
[TimeControl "180+2"]
[Date "2023.06.20"]
[WhiteClock "0:01:00"]
[BlackClock "0:00:00"]
[Board "99"]

1. d4 g6 2. c4 Bg7 3. Nc3 d6 4. e4 c5 5. dxc5 Bxc3+ 6. bxc3 dxc5 7. Qxd8+ Kxd8 8. Be3 b6 9. O-O-O+ Ke8 10. Nf3 Nc6 11. Nd2 e5 12. f3 f6 13. Bd3 Be6 14. Bf2 Rd8 15. Nf1 Nge7 16. Ne3 Kf7 17. Nd5 Nc8 18. Bh4 g5 19. Bf2 Nd6 20. Kc2 Na5 21. Ne3 h6 22. Nd5 Ndxc4 23. g3 Na3+ 24. Kb2 N3c4+ 25. Kc2 Nd6 26. Rhf1 f5 27. Be3 f4 28. gxf4 exf4 29. Bf2 Rhe8 30. Rfe1 Nac4 31. Nc7 Re7 32. Nxe6 Na3+ 33. Kb3 c4+ 34. Kxa3 Kxe6 35. Bc2 Red7 36. Kb2 b5 37. Rd5 a6 38. Red1 Nf7 39. Rxd7 Rxd7 40. Bd4 h5 41. a4 g4 42. axb5 axb5 43. Ra1 Rd6 44. Bd1 g3 45. hxg3 fxg3 46. f4 h4 47. Bg4+ Ke7 48. Bc5 g2 49. e5 1-0


[Site "https://www.chess.com"]

[Event "Titled Tuesday Blitz June 20 Late 2023"]
[White "Kovalevsky, Stanislav"]
[Black "Principe, Gerson"]
[WhiteFideId "13508598"]
[BlackFideId "3804550"]
[WhiteElo "2112"]
[BlackElo "2229"]
[Result "1/2-1/2"]
[Round "3"]
[TimeControl "180+2"]
[Date "2023.06.20"]
[WhiteClock "0:00:05"]
[BlackClock "0:00:07"]
[Board "100"]

1. c4 e6 2. e4 c5 3. Nc3 Nc6 4. g3 g6 5. Bg2 Bg7 6. h4 h5 7. d3 Nge7 8. Bg5 d6 9. Nf3 a6 10. Rb1 O-O 11. O-O Rb8 12. Qd2 Re8 13. Bh6 Bh8 14. a3 b5 15. cxb5 axb5 16. b4 Ba6 17. Ne2 Qb6 18. Rfc1 Rec8 19. Be3 Nd4 20. Nfxd4 cxd4 21. Bg5 Nc6 22. Rc2 Ne5 23. Rbc1 Rxc2 24. Rxc2 Rc8 25. Qc1 Rxc2 26. Qxc2 Bb7 27. Nc1 Nc6 28. Nb3 Bg7 29. Bf4 e5 30. Bg5 Bc8 31. Bd8 Qb7 32. Na5 Nxa5 33. bxa5 Bf8 34. Kh2 Qd7 35. Qc7 Qxc7 36. Bxc7 Be7 37. Bh3 Ba6 38. Bd7 Kf8 39. Bc6 f6 40. Kg2 Kf7 41. Kf3 f5 42. Ke2 Kf6 43. Bd5 g5 44. hxg5+ Kxg5 45. f3 f4 46. gxf4+ Kxf4 47. Kf2 h4 48. Bb3 h3 49. Bd1 h2 50. Kg2 Ke3 51. Kxh2 Kxd3 52. a4 bxa4 53. Bxa4 Ke3 54. Kg3 d3 55. Bb6+ Ke2 56. Bb3 d2 57. f4 exf4+ 58. Kxf4 d1=Q 59. Bxd1+ Kxd1 60. Kf5 Bc8+ 61. Kg6 Kc2 62. Kf7 Bh4 63. Bc7 Bg3 64. a6 Bxa6 65. Ke6 Bc4+ 66. Kd7 Bd3 67. Bxd6 Bb5+ 68. Kc7 Bxd6+ 69. Kxd6 Bc4 70. e5 Kd3 71. Kc5 Be6 72. Kd6 Bh3 73. e6 Bxe6 1/2-1/2


[Site "https://www.chess.com"]

[Event "Titled Tuesday Blitz June 20 Late 2023"]
[White "Schnaider, Ilan"]
[Black "Chabris, Christopher"]
[WhiteFideId "169013"]
[BlackFideId "2005263"]
[WhiteElo "2224"]
[BlackElo "2416"]
[Result "1-0"]
[Round "3"]
[TimeControl "180+2"]
[Date "2023.06.20"]
[WhiteClock "0:00:03"]
[BlackClock "0:00:00"]
[Board "101"]

1. e4 c5 2. Nf3 Nc6 3. Bb5 d6 4. O-O Bd7 5. Re1 e5 6. c3 Nf6 7. d4 cxd4 8. cxd4 exd4 9. Bxc6 bxc6 10. e5 dxe5 11. Rxe5+ Be7 12. Nxd4 O-O 13. Nc3 Bd6 14. Re1 Ng4 15. h3 Qh4 16. hxg4 Qh2+ 17. Kf1 Rae8 18. Be3 Qh1+ 19. Ke2 Bxg4+ 20. f3 Qxg2+ 21. Kd3 c5 22. fxg4 cxd4 23. Bxd4 Qxb2 24. Rb1 Qa3 25. Rb3 Qa6+ 26. Kc2 Rc8 27. Kb1 Rb8 28. Qd2 Rxb3+ 29. axb3 Rb8 30. Qb2 Qd3+ 31. Qc2 Qxd4 32. Rd1 Qc5 33. Rd5 Qg1+ 34. Rd1 Qb6 35. Kb2 Be5 36. Re1 Bf6 37. g5 Bxg5 38. Nd5 Qd4+ 39. Nc3 Bf6 40. Rc1 Rc8 41. Ka2 Rxc3 42. Qe2 g6 43. Qe8+ Kg7 44. Rh1 Rc2+ 45. Ka3 Qc5+ 46. b4 Qc3+ 47. Ka4 Ra2+ 48. Kb5 Qd3+ 49. Kc6 Qc4+ 50. Kb7 Qa6+ 51. Ka8 1-0


[Site "https://www.chess.com"]

[Event "Titled Tuesday Blitz June 20 Late 2023"]
[White "Vlassov, Nikolai"]
[Black "Spaqi, Wilson"]
[WhiteFideId "4103360"]
[BlackFideId "2053888"]
[WhiteElo "2324"]
[BlackElo "2416"]
[Result "1-0"]
[Round "3"]
[TimeControl "180+2"]
[Date "2023.06.20"]
[WhiteClock "0:00:53"]
[BlackClock "0:00:36"]
[Board "102"]

1. e4 c6 2. d4 d5 3. e5 a6 4. Bd3 g6 5. h4 h5 6. Nh3 Bxh3 7. Rxh3 e6 8. c3 c5 9. Nd2 cxd4 10. cxd4 Nc6 11. Nf3 Bh6 12. Be3 Bxe3 13. fxe3 Nge7 14. Ng5 Qa5+ 15. Qd2 O-O 16. Qxa5 Nxa5 17. b3 Rac8 18. Kd2 Rc7 19. Rg1 Kg7 20. g4 Rh8 21. Rf3 Nec6 22. gxh5 Rxh5 23. Nxe6+ fxe6 24. Rxg6+ Kh8 25. Rf8+ Kh7 26. Rg5+ 1-0


[Site "https://www.chess.com"]

[Event "Titled Tuesday Blitz June 20 Late 2023"]
[White "Sokolov, Andrei"]
[Black "ArtemDyachuk"]
[WhiteFideId "11600306"]
[WhiteElo "2473"]
[BlackElo "2607"]
[Result "1-0"]
[Round "3"]
[TimeControl "180+2"]
[Date "2023.06.20"]
[WhiteClock "0:00:05"]
[BlackClock "0:00:02"]
[Board "103"]

1. d4 Nf6 2. c4 e6 3. g3 c5 4. d5 d6 5. Bg2 exd5 6. cxd5 g6 7. Nf3 Bg7 8. O-O O-O 9. Nc3 a6 10. a4 Re8 11. Qc2 Bf5 12. Qb3 Nbd7 13. Qxb7 Rb8 14. Qxa6 Rb6 15. Qc4 Rb4 16. Qa2 Bc2 17. Nd2 Nb8 18. a5 Na6 19. Qa3 Nd7 20. Be4 Bxe4 21. Ndxe4 Ne5 22. Nd2 Nc4 23. Nxc4 Rxc4 24. Qb3 Rb4 25. Qc2 Qd7 26. Bd2 Reb8 27. Rab1 Qh3 28. b3 Rg4 29. Qd3 Nb4 30. Qf3 Nc2 31. Rfc1 Nd4 32. Qg2 Qh5 33. h3 Rg5 34. Bxg5 Qxg5 35. f4 Qe7 36. Qf2 Nf5 37. g4 Bd4 38. gxf5 Bxf2+ 39. Kxf2 Rb4 40. e3 Qh4+ 41. Kf3 Qxh3+ 42. Ke2 Qg2+ 43. Kd3 Rb8 44. fxg6 hxg6 45. Rg1 Qh3 46. Rh1 Qf5+ 47. e4 Qxf4 48. Rh3 Qe5 49. Rbh1 Qd4+ 50. Kc2 c4 51. Rh8+ Qxh8 52. Rxh8+ Kxh8 53. bxc4 Ra8 54. Nb5 Kg7 55. Nxd6 Rxa5 56. Kd3 Kf6 57. Kd4 Ke7 58. c5 g5 59. Nf5+ Kf6 60. c6 Ra1 61. c7 Rc1 62. d6 Ke6 63. e5 Kxf5 64. d7 Rd1+ 65. Kc5 Rc1+ 66. Kd6 Rd1+ 67. Ke7 Kxe5 68. d8=Q Re1 69. c8=Q Kf4+ 70. Kf8 g4 71. Qg5+ Kg3 72. Qc7+ Kh3 73. Qc3+ g3 74. Qgxg3# 1-0


[Site "https://www.chess.com"]

[Event "Titled Tuesday Blitz June 20 Late 2023"]
[White "Bjelobrk, Igor"]
[Black "Luo, Terry"]
[WhiteFideId "4300726"]
[BlackFideId "30931045"]
[WhiteElo "2319"]
[BlackElo "2265"]
[Result "0-1"]
[Round "3"]
[TimeControl "180+2"]
[Date "2023.06.20"]
[WhiteClock "0:00:00"]
[BlackClock "0:00:09"]
[Board "104"]

1. d4 Nf6 2. c4 g6 3. Nc3 Bg7 4. e4 d6 5. Nf3 O-O 6. Be2 e5 7. d5 a5 8. Bg5 h6 9. Be3 Ng4 10. Bc1 f5 11. exf5 gxf5 12. g3 Na6 13. Nh4 Nc5 14. O-O Nf6 15. f4 e4 16. Be3 b6 17. h3 Bd7 18. Kh2 Nh7 19. Qd2 Rf7 20. Bh5 Rf8 21. Ng6 Rf7 22. Rg1 Nf6 23. Be2 Kh7 24. Nh4 Ng8 25. Rg2 Bf6 26. Rag1 Qe7 27. Bd4 Raf8 28. Nd1 Rg7 29. Ne3 Bxd4 30. Qxd4 Qf6 31. Qxf6 Rxf6 32. b3 Ne7 33. Rb1 Rf8 34. a3 a4 35. b4 Nb3 36. Rd1 Ng6 37. Nxg6 Kxg6 38. Rf2 Kf6 39. g4 Ke7 40. Rg1 Nd4 41. Bd1 Rgf7 42. g5 hxg5 43. fxg5 f4 44. g6 Rg7 45. Nc2 e3 46. Rfg2 f3 47. Nxd4 fxg2 48. Rxg2 Rf2 49. Bc2 Kf6 50. h4 Rf4 51. Ne2 Rxh4+ 52. Kg1 Rh6 53. Rg3 Be8 54. Rxe3 Bxg6 55. Re6+ Kf7 0-1


[Site "https://www.chess.com"]

[Event "Titled Tuesday Blitz June 20 Late 2023"]
[White "Moral Garcia, Serafin"]
[Black "Prydun, Andriy"]
[WhiteFideId "2201925"]
[BlackFideId "14145898"]
[WhiteElo "2274"]
[BlackElo "2164"]
[Result "1-0"]
[Round "3"]
[TimeControl "180+2"]
[Date "2023.06.20"]
[WhiteClock "0:00:51"]
[BlackClock "0:00:00"]
[Board "105"]

1. c4 c5 2. Nc3 Nc6 3. g3 g6 4. Bg2 Bg7 5. a3 a6 6. Rb1 Nh6 7. b4 cxb4 8. axb4 Nf5 9. e3 Ne5 10. Qe2 a5 11. b5 g5 12. d4 Ng6 13. Nf3 g4 14. Nd2 h5 15. h3 d6 16. hxg4 hxg4 17. Rxh8+ Bxh8 18. Ba3 Qc7 19. Nd5 Qd8 20. b6 Be6 21. Nc7+ Kf8 22. Bxb7 Rb8 23. Be4 Rxb6 24. Rxb6 Qxc7 25. Rb7 Qc8 26. Rb5 Qc7 27. Bxf5 1-0


[Site "https://www.chess.com"]

[Event "Titled Tuesday Blitz June 20 Late 2023"]
[White "Omariev, Maksim"]
[Black "TheKnightOfBosnia"]
[WhiteFideId "4193423"]
[WhiteElo "2404"]
[BlackElo "2602"]
[Result "1/2-1/2"]
[Round "3"]
[TimeControl "180+2"]
[Date "2023.06.20"]
[WhiteClock "0:00:03"]
[BlackClock "0:00:09"]
[Board "106"]

1. g4 d5 2. Bg2 Bxg4 3. c4 c6 4. Qb3 Qc7 5. cxd5 cxd5 6. Nc3 Nf6 7. Nxd5 Nxd5 8. Bxd5 Nc6 9. Bxf7+ Kd8 10. d3 g6 11. Be3 Bg7 12. Rc1 Rf8 13. h3 Bd7 14. Nf3 Qa5+ 15. Bd2 Qb6 16. Ng5 Qxb3 17. Bxb3 Bxb2 18. Rb1 Bd4 19. e3 Bb6 20. Nxh7 Rh8 21. Ng5 Ne5 22. d4 Rh5 23. f4 Nc6 24. Bd1 Rh4 25. Kf2 Bf5 26. Rb2 Kc7 27. Kg3 Rah8 28. Nf7 Rxh3+ 29. Rxh3 Rxh3+ 30. Kg2 Rh7 31. Ng5 Rh8 32. Bf3 Rd8 33. a4 Na5 34. Bxa5 Bxa5 35. e4 Bc8 36. d5 Bb6 37. Rc2+ Kb8 38. e5 Bf5 39. Rb2 Bd4 40. Rd2 Be3 41. Rd1 Bxf4 42. Nf7 Rf8 43. e6 Kc7 44. Rf1 Bd6 45. Rc1+ Kb6 46. Nxd6 exd6 47. Re1 Re8 48. Kg3 Bd3 49. Kf4 Kc5 50. Kg5 Kd4 51. Bg2 Rf8 52. e7 Re8 53. Kf6 Bc2 54. a5 Kc5 55. Kf7 Ba4 56. Bh3 Kb4 57. Be6 Kxa5 58. Kf6 g5 59. Bf7 Rh8 60. e8=Q Bxe8 61. Bxe8 g4 62. Bg6 g3 63. Rg1 Rf8+ 64. Ke7 Rf3 65. Kxd6 Kb4 66. Be4 Re3 67. Ke5 Kc5 68. Kf4 Rc3 69. Rd1 Kd6 70. Rg1 b5 71. Bf3 a5 72. Rxg3 a4 73. Rg6+ Kd7 74. Rg7+ Kd6 75. Rg6+ Kd7 76. Bg4+ Ke7 77. d6+ Kf7 78. Re6 Rc4+ 79. Re4 Rxe4+ 80. Kxe4 b4 81. Kd5 b3 82. Kc6 a3 83. d7 a2 84. d8=Q a1=Q 85. Bh5+ Kg7 86. Qe7+ Kh6 87. Bf7 Qg7 88. Qe6+ Kg5 89. Qxb3 Qf6+ 90. Kd7 Qe5 91. Be6 Kf6 92. Qf3+ Kg5 93. Qg4+ Kf6 94. Qf3+ Kg5 95. Bf7 Qd4+ 96. Ke8 Qe5+ 97. Kf8 Qb8+ 98. Kg7 Qe5+ 99. Kh7 Qh2+ 100. Kg8 Qb8+ 101. Kg7 Qe5+ 102. Kf8 Qb8+ 103. Ke7 Qe5+ 104. Be6 Qc7+ 105. Bd7 Qe5+ 106. Kd8 Qb8+ 107. Ke7 Qe5+ 108. Be6 Qc7+ 109. Ke8 Qb8+ 110. Kd7 Qa7+ 111. Kd6 Qd4+ 112. Bd5 Qf6+ 113. Qxf6+ Kxf6 1/2-1/2


[Site "https://www.chess.com"]

[Event "Titled Tuesday Blitz June 20 Late 2023"]
[White "Janaszak, Dawid"]
[Black "Olsson, William"]
[WhiteFideId "1119206"]
[BlackFideId "1741721"]
[WhiteElo "2220"]
[BlackElo "2197"]
[Result "0-1"]
[Round "3"]
[TimeControl "180+2"]
[Date "2023.06.20"]
[WhiteClock "0:00:11"]
[BlackClock "0:00:01"]
[Board "107"]

1. e4 c5 2. Nc3 Nc6 3. Bb5 Nd4 4. Nf3 g6 5. O-O Bg7 6. e5 Nxb5 7. Nxb5 a6 8. Nc3 d6 9. exd6 Qxd6 10. Ne4 Qc6 11. Re1 Nf6 12. Nxf6+ Bxf6 13. d4 cxd4 14. Nxd4 Qd6 15. c3 O-O 16. Bh6 Rd8 17. Qf3 Bxd4 18. cxd4 Be6 19. Rad1 b5 20. b3 Qd5 21. Qg3 Rac8 22. Rd2 Rc6 23. h4 Rcd6 24. Re5 Qb7 25. Be3 Rd5 26. h5 Rxe5 27. Qxe5 Rd5 28. Qe4 Qc8 29. h6 Qc1+ 30. Kh2 Rh5+ 31. Kg3 Qc7+ 32. f4 Bd5 33. Qc2 Qd7 34. f5 Rxf5 35. Rf2 Rh5 36. Bf4 f6 37. Qc5 Bxg2 38. Kxg2 Rxc5 39. dxc5 Qg4+ 40. Bg3 Qe4+ 41. Kh2 Qc6 42. Rc2 Kf7 43. b4 e5 44. a3 e4 45. Rd2 e3 46. Rd6 Qf3 47. Bh4 g5 48. Bg3 e2 49. c6 Qc3 50. Rd7+ Kg6 51. Rg7+ Kxh6 52. Re7 f5 53. Re6+ Kh5 54. Be5 Qc4 55. Kh3 Qxe6 56. c7 Qc6 0-1


[Site "https://www.chess.com"]

[Event "Titled Tuesday Blitz June 20 Late 2023"]
[White "Fernandez, Maria Florencia"]
[Black "Ingebretsen, Jens E"]
[WhiteFideId "116459"]
[BlackFideId "1522965"]
[WhiteElo "2074"]
[BlackElo "2213"]
[Result "0-1"]
[Round "3"]
[TimeControl "180+2"]
[Date "2023.06.20"]
[WhiteClock "0:00:00"]
[BlackClock "0:00:12"]
[Board "108"]

1. d4 Nf6 2. c4 e6 3. Nc3 d5 4. cxd5 Nxd5 5. e4 Nxc3 6. bxc3 c5 7. Nf3 cxd4 8. cxd4 Bb4+ 9. Bd2 Bxd2+ 10. Qxd2 O-O 11. Be2 b6 12. O-O Bb7 13. Qe3 Nd7 14. Rfd1 Nf6 15. Nd2 Qe7 16. f3 Rfd8 17. Nc4 Rac8 18. Ne5 Qb4 19. Rab1 Qc3 20. Qxc3 Rxc3 21. Rb2 Ra3 22. Kf2 g5 23. Rc2 Rc8 24. Rxc8+ Bxc8 25. Rd2 Bb7 26. Rc2 Ba6 27. Nc6 Bxe2 28. Kxe2 g4 29. Ne5 gxf3+ 30. gxf3 Nh5 31. Nd3 f5 32. exf5 exf5 33. d5 Kf8 34. d6 Ke8 35. Ne5 Kd8 36. Rc7 Nf4+ 37. Kd1 Ne6 38. Rxh7 Kc8 39. Re7 Nc5 40. Rc7+ Kd8 41. Rf7 Kc8 42. Rxf5 Rxa2 43. Rf8+ Kb7 44. d7 Nxd7 45. Nxd7 Rxh2 46. f4 Rh4 47. f5 Rd4+ 48. Ke2 Rxd7 49. Ke3 Kc6 50. Ke4 Rd1 51. Ke5 Re1+ 52. Kf6 a5 53. Rc8+ Kb5 54. Kg6 a4 55. f6 Rg1+ 56. Kf7 a3 57. Ra8 Kb4 58. Ke7 b5 59. f7 Rf1 60. Ke6 Kb3 61. Rb8 b4 62. Rb5 Rxf7 63. Kxf7 a2 64. Ra5 Kb2 65. Ke6 a1=Q 66. Rb5 Qa2+ 67. Kd6 Qc4 68. Rb6 b3 69. Rb8 Qf4+ 70. Kc5 Qxb8 71. Kc4 Kc2 0-1


[Site "https://www.chess.com"]

[Event "Titled Tuesday Blitz June 20 Late 2023"]
[White "Gubajdullin, Alexei"]
[Black "Mazurkiewicz, Michal"]
[WhiteFideId "4141202"]
[BlackFideId "1124943"]
[WhiteElo "2279"]
[BlackElo "2063"]
[Result "1-0"]
[Round "3"]
[TimeControl "180+2"]
[Date "2023.06.20"]
[WhiteClock "0:01:02"]
[BlackClock "0:00:00"]
[Board "109"]

1. d4 Nf6 2. Nf3 g6 3. Bf4 Bg7 4. e3 O-O 5. Be2 d6 6. O-O Re8 7. h3 Nfd7 8. a4 a5 9. Nc3 c6 10. Bh2 e5 11. Ne4 Qe7 12. dxe5 dxe5 13. Qd6 Na6 14. Rfd1 Nb4 15. c3 Nd5 16. Bc4 N7b6 17. Bb3 f5 18. Qxe7 Rxe7 19. Nc5 e4 20. Nd4 Kh8 21. Rd2 f4 22. Bxf4 Nxf4 23. exf4 Nd5 24. Bxd5 cxd5 25. Nc2 b6 26. Nb3 Bb7 27. Ne3 Rd8 28. Nd4 Bc8 29. Nb5 Be6 30. h4 Red7 31. Rad1 Bf6 32. g3 h6 33. Nd4 Bf7 34. Ng4 Bg7 35. Ne5 Bxe5 36. fxe5 Re7 37. e6 Bxe6 38. Nxe6 Rxe6 39. Rxd5 Rxd5 40. Rxd5 Kg7 41. Kf1 e3 42. fxe3 Rxe3 43. Rd7+ Kf6 44. Rd6+ Kf5 45. Rxb6 Rxg3 46. h5 gxh5 47. Rxh6 Kg5 48. Rh8 Rd3 49. Ke2 Rd6 50. Ra8 h4 51. Rxa5+ Kg4 52. Ra8 Rd5 53. Rg8+ Kf4 54. b4 h3 55. Rh8 Kg3 56. a5 h2 57. a6 Rd7 58. b5 Re7+ 59. Kd3 Rd7+ 60. Kc2 Rf7 61. b6 Rf4 62. Rxh2 Kxh2 63. b7 Rf6 64. b8=Q+ 1-0


[Site "https://www.chess.com"]

[Event "Titled Tuesday Blitz June 20 Late 2023"]
[White "Fiorito, Francisco"]
[Black "Mikhalsky, Vladimir"]
[WhiteFideId "180165"]
[BlackFideId "14144352"]
[WhiteElo "2319"]
[BlackElo "2236"]
[Result "0-1"]
[Round "3"]
[TimeControl "180+2"]
[Date "2023.06.20"]
[WhiteClock "0:00:07"]
[BlackClock "0:00:24"]
[Board "110"]

1. d4 Nf6 2. Nc3 g6 3. e4 d6 4. Be3 Bg7 5. Qd2 Ng4 6. Bg5 Nc6 7. h3 h6 8. Bh4 g5 9. Bg3 Nf6 10. Be2 Bd7 11. h4 g4 12. h5 a6 13. a4 b5 14. axb5 axb5 15. Rxa8 Qxa8 16. e5 b4 17. Nb5 Qa1+ 18. Qd1 Qxd1+ 19. Kxd1 Ne4 20. exd6 cxd6 21. c3 Nxg3 22. fxg3 O-O 23. Rh4 f5 24. Bc4+ d5 25. Bxd5+ e6 26. Bc4 Bf6 27. Rh1 Rc8 28. Bd3 Ra8 29. Kc2 Ra1 30. Nd6 Kf8 31. Nc4 Ke7 32. Nd2 Na5 33. cxb4 Nc6 34. Nb3 Nxb4+ 35. Kc3 Nd5+ 36. Kc2 Ba4 37. Be2 Bxd4 38. Bb5 Bxb3+ 39. Kxb3 Rxg1 40. Rh2 Rb1 41. Bd3 Rxb2+ 42. Kc4 Bf6 43. Bxf5 Ne3+ 44. Kd3 Nxf5 45. Rh1 Rxg2 46. Rb1 Rxg3+ 47. Ke4 Re3+ 48. Kf4 Be5+ 49. Kxg4 Rg3# 0-1


[Site "https://www.chess.com"]

[Event "Titled Tuesday Blitz June 20 Late 2023"]
[White "Maiti, Milind"]
[Black "Stachanczyk, Jacek"]
[WhiteFideId "2090767"]
[BlackFideId "1116657"]
[WhiteElo "2150"]
[BlackElo "2084"]
[Result "0-1"]
[Round "3"]
[TimeControl "180+2"]
[Date "2023.06.20"]
[WhiteClock "0:00:02"]
[BlackClock "0:00:16"]
[Board "111"]

1. d4 Nf6 2. c4 g6 3. Nc3 d5 4. cxd5 Nxd5 5. e4 Nxc3 6. bxc3 Bg7 7. Nf3 c5 8. Be3 Nc6 9. Be2 Bg4 10. e5 cxd4 11. cxd4 Qa5+ 12. Qd2 Qxd2+ 13. Nxd2 Be6 14. Bf3 Rd8 15. Nb3 Nb4 16. O-O Bd5 17. Rfc1 Bxf3 18. gxf3 Nd5 19. a4 O-O 20. Na5 Rd7 21. Rab1 b6 22. Nc6 e6 23. Rc2 Re8 24. Rbc1 Bf8 25. Kf1 Ba3 26. Ra1 Bf8 27. Rac1 Kg7 28. Ke2 Ba3 29. Ra1 Bf8 30. a5 Rc8 31. axb6 axb6 32. Rac1 Rdc7 33. Bd2 Ba3 34. Ra1 Rxc6 35. Rxc6 Rxc6 36. Rxa3 h6 37. Rb3 Rc2 38. Kd3 Ra2 39. Rb1 Ra3+ 40. Ke2 g5 41. Rc1 Kg6 42. Rc8 Ra2 43. Kd3 Ra3+ 44. Ke2 Ra1 45. Rg8+ Kh7 46. Rf8 Kg7 47. Rc8 Rh1 48. Bc1 Rxh2 49. Ba3 h5 50. Bf8+ Kg6 51. Kd3 Rxf2 52. Ke4 Re2+ 53. Kd3 Re3+ 54. Kd2 Rxf3 55. Bd6 h4 56. Rg8+ Kh7 57. Rxg5 Rf5 58. Rg4 Rh5 59. Ke2 h3 60. Rg1 h2 61. Rh1 b5 62. Kf2 b4 63. Kg2 b3 64. Ba3 Nf4+ 65. Kg3 Nd3 66. Kg4 Rh6 67. Kf3 b2 68. Ke3 Rh3+ 69. Ke4 Kg6 70. d5 exd5+ 71. Kd4 Kf5 72. Rf1+ Kg4 73. Rh1 Kf3 74. Kxd5 Kg2 75. Rd1 h1=Q 76. Rxh1 Rxh1 77. Kd6 Nxe5 78. Ke7 b1=Q 0-1


[Site "https://www.chess.com"]

[Event "Titled Tuesday Blitz June 20 Late 2023"]
[White "Bogaudinov, Rushan"]
[Black "Hajiyev, Kanan"]
[WhiteFideId "4129288"]
[BlackFideId "13404148"]
[WhiteElo "1967"]
[BlackElo "2115"]
[Result "1-0"]
[Round "3"]
[TimeControl "180+2"]
[Date "2023.06.20"]
[WhiteClock "0:00:18"]
[BlackClock "0:00:09"]
[Board "112"]

1. d4 Nf6 2. g3 e6 3. Bg2 c5 4. Nf3 Be7 5. O-O O-O 6. c4 d5 7. cxd5 Nxd5 8. Nc3 cxd4 9. Nxd5 Qxd5 10. Qxd4 Rd8 11. Qxd5 Rxd5 12. Be3 Nc6 13. Rac1 Bd7 14. Nd2 Ra5 15. a3 Rd8 16. Nc4 Rb5 17. Rfd1 Kf8 18. b4 Ke8 19. h4 Bc8 20. Rxd8+ Kxd8 21. Rd1+ Ke8 22. Bxc6+ bxc6 23. Bxa7 c5 24. bxc5 Bxc5 25. Bxc5 Rxc5 26. Nd6+ Ke7 27. Nxc8+ Rxc8 28. Ra1 Rc2 29. e3 Kd6 30. a4 Kc6 31. Kg2 Kb6 32. Rb1+ Ka6 33. Rb8 h5 34. Ra8+ Kb7 35. Ra5 g6 36. Kf3 Ra2 37. e4 Kb6 38. Ra8 Kb7 39. Rf8 Rxa4 40. Rxf7+ Kc6 41. Rf6 Kd6 42. Rxg6 Ke5 43. Rg5+ Kf6 44. Rxh5 Ra2 45. Rb5 Ra3+ 46. Kg2 Ra2 47. g4 Ra4 48. f3 Ra1 49. Kg3 Rg1+ 50. Kf4 Ra1 51. h5 Rh1 52. g5+ Kf7 53. h6 Kg6 54. Re5 Rh4+ 55. Kg3 Rh1 56. f4 Rg1+ 57. Kf2 Rg4 58. Rxe6+ Kf7 59. Rf6+ Ke7 60. Kf3 Rh4 61. e5 Rh3+ 62. Ke4 Rh1 63. Kf5 Rh4 64. Rb6 Rh1 65. Rb7+ Kf8 66. e6 Re1 67. Kf6 Kg8 68. g6 Rxe6+ 69. Kxe6 Kf8 70. f5 Ke8 71. Rb8# 1-0


[Site "https://www.chess.com"]